 Dungeon Crawl Stone Soup version 0.31-a0-466-g98c9adc2b6 (webtiles) character file.

Game seed: 1930136974550417300

30347 Lorrdernie the Brawler (level 13, -4/165 HPs)
             Began as a Troll Fighter on Aug 6, 2023.
             Was a High Priest of Okawaru.
             Slain by a reaper
             ... wielding a +2 scythe of freezing
              (6 damage)
             ... in an ice cave.
             The game lasted 00:21:17 (9615 turns).

Lorrdernie the Brawler (Troll Fighter)              Turns: 9615, Time: 00:21:18

Health: -4/165     AC:  9    Str: 27    XL:     13   Next: 20%
Magic:  15/17      EV: 10    Int:  8    God:    Okawaru [*****.]
Gold:   719        SH: 16    Dex:  9    Spells: 12/12 levels left

rFire   + .          .
                       - Unarmed
rCold   + . .        b - +0 kite shield
rNeg    . . .        N - +0 troll leather armour
rPois   .            x - +1 hat
rElec   .            U - +0 cloak {rC+}
rCorr   .            (gloves unavailable)
SInv    .            (boots unavailable)
Will    +....        C - amulet of reflection Stlth
                     o - ring of protection from fire
HPRegen 2.07/turn    z - ring of willpower
MPRegen 0.15/turn

%: reflection
@: berserking, heroic, very quick
A: large, unfitting armour, claws 3, regeneration 1, shaggy fur 1, tough skin 1
a: Renounce Religion, Heroism, Finesse, Duel


You were in an ice cave.
You worshipped Okawaru.
Okawaru was extremely pleased with you.
You visited 2 branches of the dungeon, and saw 12 of its levels.
You also visited: Bailey and Ice Cave.

You collected 719 gold pieces.

Inventory:

Missiles
 j - 47 poisoned darts
 m - 15 boomerangs (quivered)
 w - 7 large rocks
 P - 4 javelins
Armour
 a - a +0 robe
 b - a +0 kite shield (worn)
 n - a +2 cloak
 x - a +1 hat (worn)
 y - a +0 robe of willpower
 J - the +0 cloak "Sysitwamudo" {rF+ rC- Str+2}
   (You found it in a bailey)

   Str:       It affects your strength (+2).
   rF:        It protects you from fire.
   rC:        It makes you vulnerable to cold.
 N - a +0 troll leather armour (worn)
 T - the scarf "Xuselio" {repulsion, Int+3}
   (Okawaru gifted it to you in an ice cave)

   Int:       It affects your intelligence (+3).
 U - a +0 cloak of cold resistance (worn)
Jewellery
 o - a ring of protection from fire (left claw)
 s - a ring of resist corrosion
 z - a ring of willpower (right claw)
 C - an amulet of reflection (around neck)
 F - an amulet of guardian spirit
 I - a +6 ring of strength
 M - an amulet of regeneration
Scrolls
 d - 2 scrolls of identify
 g - 2 scrolls of torment
 i - 3 scrolls of immolation
 k - 3 scrolls of amnesia
 l - 2 scrolls of revelation
 p - a scroll of acquirement {unknown}
 q - 2 scrolls of blinking {unknown}
 A - 2 scrolls of enchant armour
 B - a scroll of vulnerability
 L - 3 scrolls of teleportation
 O - 2 scrolls of fog
 Q - a scroll of enchant weapon {unknown}
 R - a scroll of fear
Potions
 c - 4 potions of might
 e - 2 potions of ambrosia
 f - 4 potions of resistance
 h - 3 potions of enlightenment
 r - 3 potions of invisibility
 u - 2 potions of cancellation
 D - 3 potions of haste
 E - 2 potions of berserk rage
 G - a potion of degeneration {unknown}
 H - 2 potions of mutation {unknown}
 K - a potion of heal wounds {unknown}
 S - a potion of brilliance {unknown}


   Skills:
 - Level 2.4(7.4) Fighting
 + Level 7.4(12.4) Throwing
 + Level 2.4(7.4) Dodging
 - Level 8.0(13.0) Shields
 * Level 16.4(21.4) Unarmed Combat
 * Level 7.6 Invocations


You had 12 spell levels left.
You didn't know any spells.
Your spell library contained the following spells:

 Spells                   Type           Power      Damage    Failure   Level
 Apportation              Tloc           0%         N/A       58%         1
 Freeze                   Ice            0%         1d3       58%         1
 Magic Dart               Conj           0%         1d3       58%         1
 Cigotuvi's Dreadful Rot  Necr/Pois/Air  0%         N/A       73%         2
 Frozen Ramparts          Ice            0%         1d1       91%         3
 Hailstorm                Conj/Ice       0%         3d3       91%         3
 Ignite Poison            Fire/Tmut/Pois 0%         N/A       91%         3
 Mephitic Cloud           Conj/Pois/Air  0%         N/A       91%         3
 Dispel Undead            Necr           0%         3d6       100%        4
 Alistair's Intoxication  Tmut/Pois      0%         N/A       100%        5
 Freezing Cloud           Conj/Ice/Air   0%         6-21      100%        5
 Call Imp                 Summ           Unusable   N/A       N/A         2
 Death Channel            Necr           Unusable   N/A       N/A         6

Dungeon Overview and Level Annotations

Branches:
Dungeon (11/15)            Temple (1/1) D:6            Lair (0/5) D:11
    Orc (0/2) D:10         Bailey (visited)           IceCv (1/1)

Altars:
Ashenzari
Cheibriados
Dithmenos
Elyvilon
Fedhas
Gozag
Hepliaklqana
Kikubaaqudgha
Makhleb
Nemelex Xobeh
Okawaru
Qazlal
Ru
Sif Muna
Trog
Uskayaw
Vehumet
Wu Jian
Xom
Yredelemnul
Zin
The Shining One

Shops:
D:5 =(?


Innate Abilities, Weirdness & Mutations

You are too large for most types of armour.
You have claws for hands.
Your natural rate of healing is unusually fast.
You are covered in fur. (AC +1)
You have tough skin. (AC +1)


Message History

You gain the combat prowess of a mighty hero.
The reaper hits you with a +2 scythe of freezing!
* * * LOW HITPOINT WARNING * * *
The reaper freezes you.
* * * LOW HITPOINT WARNING * * *
Unknown command.
You fail to use your ability.
You block the reaper's attack.
Unknown command.
You claw the reaper!
The reaper is lightly wounded.
You closely miss the reaper.
The reaper is lightly wounded.
The reaper hits you with a +2 scythe of freezing.
* * * LOW HITPOINT WARNING * * *
Unknown command.
You closely miss the reaper.
The reaper is lightly wounded.
The reaper hits you with a +2 scythe of freezing!
* * * LOW HITPOINT WARNING * * *
The reaper freezes you.
* * * LOW HITPOINT WARNING * * *
Unknown command.
You feel better. The troll simulacrum bites you.
* * * LOW HITPOINT WARNING * * *
The troll simulacrum freezes you. You resist.
* * * LOW HITPOINT WARNING * * *
The troll simulacrum closely misses you.
You block the troll simulacrum's attack.
You block the reaper's attack.
You feel better. The troll simulacrum barely misses you.
The troll simulacrum claws you but does no damage.
You block the troll simulacrum's attack.
The reaper shouts, "Death awaits you!" The reaper closely misses you.
A red film seems to cover your vision as you go berserk!
You feel yourself moving faster!
You feel mighty!
The reaper hits you with a +2 scythe of freezing!!
* * * LOW HITPOINT WARNING * * *
The reaper freezes you.
You die...

## ##○#. ####§°§ .
... #≈##.○## ..
##.). ≈≈#§§☼4# .#
..#...
≈≈☼○☼#.##.#..# #.#
≈#☼§##..#.#☼##☼#.##
##..#.....○☼°§§#.?#
#........☼§§☼○.2Z#
#...#...####°☼#@?#
#...#.......§○#.##
##...#.....§.○##.#
#....###..#°§##...
#......##.#§☼# .[.
Z.#.....#.#.☼##...#
.###.......## #####
Z# #........# ##
##.......#


You could see a reaper and a troll simulacrum.

Vanquished Creatures
  An orc warlord (Bailey)
  A boulder beetle (D:11)
  A two-headed ogre (D:10)
  The ghost of pigah the Mimic, a novice OpSh of Gozag (D:10)
  An orc knight (Bailey)
  A centaur zombie (D:10)
  2 ice statues (IceCv)
  2 spectral centaurs (D:10)
  2 rime drakes (D:11)
  A yaktaur (D:11)
  A kobold demonologist (D:10)
  4 ice devils (IceCv)
  A hornet (D:9)
  A troll (D:10)
  2 shadows
  4 centaur simulacra (D:10)
  Sigmund (D:4)
  A human (D:9)
  3 wyverns
  9 vampire mosquitoes
  4 hogs (D:9)
  9 yaks (D:11)
  2 steam dragons
  2 harpy simulacra (IceCv)
  2 water moccasins
  Duvessa (D:7)
  15 orc warriors
  A black bear (D:6)
  2 ogres
  2 centaurs
  3 phantoms
  3 kobold brigands
  4 bullfrogs
  2 scorpions
  2 two-headed ogre simulacra (IceCv)
  Dowan (D:7)
  12 killer bees
  3 howler monkeys
  3 jellies
  A gnoll bouda (D:4)
  9 orc priests
  2 hounds (D:4)
  A sleepcap (D:4)
  Natasha (thrice) (D:2)
  5 iguanas
  20 orc wizards
  3 troll simulacra (IceCv)
  3 polar bear simulacra (IceCv)
  2 wolf simulacra (IceCv)
  12 gnolls
  3 naga simulacra (IceCv)
  8 adders
  2 shadow imps
  A white imp (IceCv)
  6 ufetubi
  3 worms
  52 orcs
  10 ball pythons
  3 endoplasms
  2 giant cockroaches
  25 goblins
  10 hobgoblins
  9 jackals
  5 quokkas
  9 bats
  6 frilled lizards
  30 kobolds
  3 rats
361 creatures vanquished.

Notes
Turn   | Place    | Note
-------+----------+-------------------------------------------
     0 | D:1      | Lorrdernie the Troll Fighter began the quest for the Orb.
     0 | D:1      | Reached XP level 1. HP: 22/22 MP: 0/0
    68 | D:1      | Reached XP level 2. HP: 29/29 MP: 1/1
   234 | D:1      | Reached skill level 3 in Unarmed Combat
   384 | D:1      | Reached XP level 3. HP: 36/36 MP: 2/2
   750 | D:2      | Reached skill level 4 in Unarmed Combat
   800 | D:2      | Reached XP level 4. HP: 42/44 MP: 3/3
  1189 | D:2      | Noticed Natasha
  1195 | D:2      | Killed Natasha
  1228 | D:2      | Noticed Natasha
  1237 | D:2      | Killed Natasha
  1238 | D:2      | Reached skill level 5 in Unarmed Combat
  1334 | D:2      | Noticed Natasha
  1342 | D:2      | Killed Natasha
  1343 | D:2      | Reached XP level 5. HP: 43/50 MP: 4/4
  1380 | D:3      | Found a faded altar of an unknown god.
  1547 | D:3      | Found a stormy altar of Qazlal.
  1703 | D:3      | Reached skill level 6 in Unarmed Combat
  1732 | D:3      | Found a burning altar of Makhleb.
  2212 | D:4      | Noticed Sigmund
  2216 | D:4      | Reached XP level 6. HP: 59/59 MP: 5/5
  2237 | D:4      | Killed Sigmund
  2310 | D:4      | Reached skill level 7 in Unarmed Combat
  2347 | D:4      | Reached XP level 7. HP: 58/66 MP: 6/6
  2473 | D:4      | Reached skill level 8 in Unarmed Combat
  3087 | D:5      | Entered Level 5 of the Dungeon
  3195 | D:5      | Reached XP level 8. HP: 36/74 MP: 7/7
  3279 | D:5      | Found Luyz Neceg's Magic Scroll Boutique.
  3279 | D:5      | Found Ahazonat's Antique Weapon Boutique.
  3289 | D:5      | Found Ybrugh's Jewellery Boutique.
  3523 | D:5      | Reached skill level 5 in Shields
  3531 | D:5      | Reached skill level 9 in Unarmed Combat
  4161 | D:4      | Found a shimmering blue altar of Sif Muna.
  4353 | D:6      | Found a staircase to the Ecumenical Temple.
  4368 | Temple   | Entered the Ecumenical Temple
  4373 | Temple   | Became a worshipper of Warmaster Okawaru
  4452 | D:6      | Found a radiant altar of Vehumet.
  4617 | D:6      | Found a glowing golden altar of the Shining One.
  4617 | D:6      | Found an opulent altar of Gozag.
  4633 | D:6      | Found a hazy altar of Hepliaklqana.
  4635 | D:6      | Found a faded altar of an unknown god.
  4639 | D:6      | Reached skill level 10 in Unarmed Combat
  4640 | D:6      | Found a faded altar of an unknown god.
  4698 | D:6      | Reached * piety under Okawaru
  5023 | D:7      | Reached XP level 9. HP: 76/80 MP: 8/8
  5117 | D:7      | Found a flagged portal.
  5146 | Bailey   | Entered a bailey
  5269 | Bailey   | Reached ** piety under Okawaru
  5270 | Bailey   | Reached skill level 1 in Invocations
  5282 | Bailey   | Noticed an orc knight
  5294 | Bailey   | Killed an orc knight
  5295 | Bailey   | Reached skill level 11 in Unarmed Combat
  5321 | Bailey   | Noticed an orc warlord
  5335 | Bailey   | Killed an orc warlord
  5335 | Bailey   | Reached *** piety under Okawaru
  5336 | Bailey   | Reached skill level 12 in Unarmed Combat
  5336 | Bailey   | Reached XP level 10. HP: 54/88 MP: 8/11
  5529 | Bailey   | Identified the +0 cloak "Sysitwamudo" {rF+ rC- Str+2}
  5585 | D:7      | Found a sacrificial altar of Ru.
  6003 | D:7      | Found an ornate altar of the Wu Jian Council.
  6128 | D:7      | Noticed Duvessa
  6128 | D:7      | Noticed Dowan
  6132 | D:7      | Killed Duvessa
  6143 | D:7      | Killed Dowan
  6197 | D:8      | Reached skill level 1 in Throwing
  6284 | D:8      | Identified the +7 short sword of Spores {freeze, Fragile
                  | +Blink Str+3 Stlth+}
  6488 | D:8      | Reached **** piety under Okawaru
  6673 | D:8      | Found a hide-covered altar of Uskayaw.
  7430 | D:9      | Reached skill level 13 in Unarmed Combat
  7529 | D:9      | Found a white marble altar of Elyvilon.
  7870 | D:10     | Entered Level 10 of the Dungeon
  7915 | D:10     | Reached ***** piety under Okawaru
  7916 | D:10     | Reached XP level 11. HP: 94/94 MP: 11/13
  8173 | D:10     | Found a runed translucent gate.
  8173 | D:10     | Found a runed translucent gate.
  8173 | D:10     | Found a runed translucent gate.
  8185 | D:10     | Noticed a soul eater
  8194 | D:10     | Noticed a two-headed ogre
  8195 | D:10     | Noticed pigah's ghost (novice OpSh)
  8203 | D:10     | Killed a two-headed ogre
  8204 | D:10     | Reached skill level 14 in Unarmed Combat
  8584 | D:10     | Found a staircase to the Orcish Mines.
  8686 | D:10     | Killed pigah's ghost
  8687 | D:10     | Reached skill level 5 in Throwing
  8698 | D:10     | Received a gift from Okawaru
  8796 | D:11     | Found a staircase to the Lair.
  8812 | D:11     | Noticed a boulder beetle
  8829 | D:11     | Killed a boulder beetle
  8829 | D:11     | Received a gift from Okawaru
  8830 | D:11     | Reached skill level 15 in Unarmed Combat
  8902 | D:11     | Received a gift from Okawaru
  9030 | D:11     | Found a frozen archway.
  9039 | D:11     | Reached skill level 5 in Invocations
  9154 | D:11     | Reached XP level 12. HP: 95/104 MP: 14/14
  9196 | IceCv    | Entered an ice cave
  9353 | IceCv    | Identified the scarf "Xuselio" {repulsion, Int+3} (Okawaru
                  | gifted it to you in an ice cave)
  9353 | IceCv    | Received a gift from Okawaru
  9602 | IceCv    | Reached skill level 16 in Unarmed Combat
  9602 | IceCv    | Reached XP level 13. HP: 27/110 MP: 15/17
  9607 | IceCv    | Noticed a reaper
  9612 | IceCv    | HP: 5/110 [reaper/+2 scythe of freezing (16)]
  9615 | IceCv    | HP: 2/165 [reaper/+2 scythe of freezing (29)]
  9615 | IceCv    | Slain by a reaper

Illustrated notes

Levels and vault maps discovered:
D:1:      scummos_arrival_forest, layout_basic, st_stairs_1
D:2:      layout_rooms, minivault_27, uniq_natasha
D:3:      layout_basic, mainiacjoe_overflow_tiny_flanked, lemuel_tele_altar,
          hellmonk_ecumenical_altar_lost_god, minivault_23,
          nicolae_concentric_dashed_squares_wild, st_stairs_1
D:4:      minmay_bubble_buster, layout_loops_cross, tgw_sif, uniq_sigmund
D:5:      layout_basic, nicolae_shop_distant_corner_stores
D:6:      layout_rooms, mainiacjoe_overflow_brackets,
          chequers_temple_overflow_minitemple, minmay_temple_entry_waves
D:7:      layout_loops_ring, nicolae_ru_great_annihilating_truth,
          nzn_wu_jian_council_hall, enter_bailey_5, minmay_misc_feat_room,
          hangedman_decor_clover_reticule, minmay_a_box_with_orc_wizards_in_it,
          uniq_duvessa
D:8:      layout_basic, nicolae_uskayaw_dance_studio
D:9:      layout_basic, nicolae_elyvilon_peaceful_grove, grunt_livestock
D:10:     layout_loops_ring, minmay_orc_entry_temple_small,
          gammafunk_ghost_necromancy
D:11:     layout_basic, lair_entry_dummy, portal_ice_cave_rime, uniq_fannar
Temple:   minmay_freezing_vapour_temple
IceCv:    ice_cave_small_demon

Skill      XL: |  1  2  3  4  5  6  7  8  9 10 11 12 |
---------------+-------------------------------------+-----
Unarmed Combat | 3 4 5 6 7 8 10 12 13 15 16 | 16.4
Shields        | 3 4 6 7 8 |  8.0
Invocations    | 3 4 5 7 |  7.6
Throwing       | 3 6 7 |  7.4
Fighting       | |  2.4
Dodging        | |  2.4

Action                     |  1- 3 |  4- 6 |  7- 9 | 10-12 | 13-15 || total
---------------------------+-------+-------+-------+-------+-------++-------
  Melee: Unarmed           |   111 |   145 |   298 |   559 |     3 ||  1116
  Throw: Boomerang         |       |       |       |    11 |       ||    11
 Invoke: Heroism           |       |       |     2 |     6 |     1 ||     9
    Use: Scroll            |       |       |    11 |     7 |     1 ||    19
         Potion            |       |       |     1 |     1 |     4 ||     6
   Stab: Paralysed         |       |       |       |     1 |       ||     1
 Armour: Robe              |    59 |    43 |    70 |    41 |       ||   213
         Troll leather arm |       |       |       |    75 |     2 ||    77
  Dodge: Dodged            |    35 |    41 |    65 |   124 |     4 ||   269
  Block: Kite shield       |    49 |    36 |   164 |   345 |     9 ||   603
         Reflection        |       |       |    11 |     8 |       ||    19

Table legend: (Time is in decaauts)
 A = Elapsed time spent in this place.
 B = Non-inter-level travel time spent in this place.
 C = Inter-level travel time spent in this place.
 D = Time resting spent in this place.
 E = Time spent auto-exploring this place.
 F = Levels seen in this place.
 G = Mean time per level.
                   A        B        C        D        E       F      G
               +--------+--------+--------+--------+--------+-----+--------+
         Total |   9499 |   8806 |    693 |    557 |   5799 |  14 |  678.5 |
       Dungeon |   8685 |   7992 |    693 |    391 |   5582 |  11 |  789.5 |
        Temple |     10 |     10 |      0 |      0 |      0 |   1 |   10.0 |
        Bailey |    405 |    405 |      0 |     23 |    155 |   1 |  405.0 |
      Ice Cave |    397 |    397 |      0 |    143 |     62 |   1 |  397.0 |
               +--------+--------+--------+--------+--------+-----+--------+

Top non-repeatable levels by time:
     D:4: 1361 daAuts
     D:9: 922 daAuts
    D:10: 879 daAuts
     D:5: 878 daAuts
     D:7: 864 daAuts
     D:8: 731 daAuts
     D:2: 723 daAuts
     D:3: 705 daAuts
     D:1: 688 daAuts
     D:6: 528 daAuts
  Bailey: 405 daAuts
    D:11: 401 daAuts
   IceCv: 397 daAuts
  Temple: 10 daAuts
